 Dungeon Crawl Stone Soup version 0.29.1-12-g30fa7ad0bf (webtiles) character file.

Game seed: 16819694565394631900

429 KittyFluff the Cudgeller (level 6, 0/39 HPs)
             Began as a Gargoyle Berserker on Jan 4, 2023.
             Was a Believer of Trog.
             Splashed by a jelly's acid (8 damage)
             ... on level 5 of the Dungeon.
             The game lasted 00:13:29 (4514 turns).

KittyFluff the Cudgeller (Gargoyle Berserker)       Turns: 4514, Time: 00:13:31

Health: 0/39       AC:  3    Str: 21    XL:     6   Next: 98%
Magic:  6/6        EV: 11    Int:  7    God:    Trog [**....]
Gold:   101        SH:  3    Dex: 11    Spells: 5/5 levels left

rFire   . . .      SeeInvis .   a - +0 mace
rCold   . . .      Faith    .   p - +0 buckler
rNeg    + . .      Spirit   .   A - +0 leather armour
rPois   ∞          Reflect  .   o - +1 helmet
rElec   +          Harm     .   (no cloak)
rCorr   .          Rampage  .   c - +0 pair of gloves
Will    .....                   (no boots)
Stlth   +.........              (no amulet)
HPRegen 0.13/turn               (no ring)
MPRegen 0.10/turn               (no ring)

@: corroded
A: sickness immunity, AC +4, negative energy resistance 1, electricity
resistance, torment resistance 1, petrification resistance
a: Renounce Religion, Berserk, Trog's Hand


You were on level 5 of the Dungeon.
You worshipped Trog.
Trog was pleased with you.
You visited 1 branch of the dungeon, and saw 5 of its levels.

You collected 101 gold pieces.

Inventory:

Hand Weapons
 a - a +0 mace (weapon)
 l - a +0 sling
Missiles
 e - 26 stones (quivered)
 g - 8 javelins
 m - 3 poisoned darts
Armour
 c - a +0 pair of gloves (worn)
 k - a +0 ring mail
 o - a +1 helmet (worn)
 p - a +0 buckler (worn)
 A - a +0 leather armour (worn)
Wands
 w - a wand of flame (23)
 y - a wand of roots (7)
Scrolls
 f - 2 scrolls of identify {unknown}
 h - a scroll of brand weapon {unknown}
 j - a scroll of blinking {unknown}
 r - a scroll of silence {unknown}
 s - a scroll of torment {unknown}
 t - a scroll of fog {unknown}
 u - a scroll of immolation
 v - a scroll of teleportation {unknown}
 x - a scroll of enchant armour {unknown}
Potions
 d - 2 potions of heal wounds {unknown}
 i - 3 potions of magic {unknown}
 n - a potion of degeneration {unknown}
 q - a potion of ambrosia {unknown}
 z - a potion of brilliance {unknown}


   Skills:
 + Level 4.7 Fighting
 + Level 5.4 Maces & Flails
 * Level 4.0 Armour
 + Level 2.4 Dodging
 + Level 0.5 Stealth
 + Level 1.0 Shields


You had 5 spell levels left.
You didn't know any spells.
Your spell library was empty.

Dungeon Overview and Level Annotations

Branches:
Dungeon (6/15)             Temple (0/1) D:5

Altars:
Elyvilon
Hepliaklqana
Makhleb
Nemelex Xobeh
Ru
Vehumet
Wu Jian
Xom


Innate Abilities, Weirdness & Mutations

You are immune to sickness and miasma.
Your stone body is resilient. (AC +4)
You are immune to poison.
You resist negative energy. (rN+)
You are resistant to electric shocks. (rElec)
You are resistant to unholy torment.
You are immune to petrification.


Message History

You hit the scorpion but do no damage.
The scorpion is severely wounded.
The scorpion closely misses you. x2
You hit the scorpion but do no damage.
The scorpion is severely wounded.
The scorpion stings you but does no damage.
You hit the scorpion.
The scorpion is almost dead.
The scorpion closely misses you.
The scorpion stings you but does no damage.
You thump the scorpion!
You kill the scorpion!
Trog accepts your kill.
Your Armour skill increases to level 4!
Your Shields skill increases to level 1!
You hit the jelly.
Your hands burn!
The jelly is lightly wounded.
The jelly hits you but does no damage.
You hit the jelly. The acid corrodes you!
Your hands burn!
The jelly is lightly wounded.
The jelly hits you but does no damage. x2
You hit the jelly. The acid corrodes you!
Your hands burn!
The jelly is moderately wounded.
The jelly hits you but does no damage.
You hit the jelly.
Your hands burn!
The jelly is heavily wounded.
The jelly closely misses you.
You hit the jelly.
Your hands burn!
The jelly is heavily wounded.
The jelly barely misses you.
You completely miss the jelly.
The jelly is heavily wounded.
The jelly hits you but does no damage.
You hit the jelly.
Your hands burn!
* * * LOW HITPOINT WARNING * * *
The jelly is severely wounded.
The jelly completely misses you. The jelly hits you.
* * * LOW HITPOINT WARNING * * *
You are splashed with acid!
You die...

##.##
##...##
##.....##
.......
..... ...
#J# #@#
#.# ##.##
#...#
#...#
#...#
##.###
#.#.##
#....####


You could see a jelly.

Vanquished Creatures
  An ogre (D:6)
  3 scorpions (D:5)
  A jelly (D:3)
  An iguana (D:6)
  Robin (D:2)
  3 adders
  2 worms
  A dart slug (D:3)
  3 orcs
  4 endoplasms
  5 giant cockroaches
  10 goblins (D:2)
  6 hobgoblins
  4 jackals (D:3)
  2 quokkas
  6 ball pythons
  5 bats
  3 frilled lizards
  6 kobolds
  5 rats
  A bush (D:2)
73 creatures vanquished.

Vanquished Creatures (others)
  2 plants (D:2)
2 creatures vanquished.

Grand Total: 75 creatures vanquished

Notes
Turn   | Place    | Note
-------+----------+-------------------------------------------
     0 | D:1      | KittyFluff the Gargoyle Berserker began the quest for the
                  | Orb.
     0 | D:1      | Reached XP level 1. HP: 14/14 MP: 1/1
   833 | D:1      | Reached XP level 2. HP: 16/19 MP: 2/2
  1602 | D:2      | Reached XP level 3. HP: 22/24 MP: 3/3
  1697 | D:2      | Reached ** piety under Trog
  2005 | D:2      | Noticed Robin
  2047 | D:2      | Killed Robin
  2065 | D:2      | Reached XP level 4. HP: 4/29 MP: 4/4
  2730 | D:2      | Noticed an ogre
  2732 | D:2      | Reached skill level 4 in Maces & Flails
  2890 | D:2      | Found a faded altar of an unknown god.
  3316 | D:3      | Found a sparkling altar of Nemelex Xobeh.
  3333 | D:3      | Found an ornate altar of the Wu Jian Council.
  3333 | D:3      | Found a radiant altar of Vehumet.
  3333 | D:3      | Found a burning altar of Makhleb.
  3333 | D:3      | Found a hazy altar of Hepliaklqana.
  3334 | D:3      | Found a shimmering altar of Xom.
  3335 | D:3      | Found a sacrificial altar of Ru.
  3337 | D:3      | Found a white marble altar of Elyvilon.
  3492 | D:3      | Reached XP level 5. HP: 5/33 MP: 5/5
  3958 | D:3      | You fall into a shaft and drop 3 floors!
  3967 | D:6      | Noticed an ogre
  3973 | D:6      | Killed an ogre
  3987 | D:6      | Reached skill level 5 in Maces & Flails
  3987 | D:6      | Reached XP level 6. HP: 17/38 MP: 6/6
  4210 | D:5      | Entered Level 5 of the Dungeon
  4355 | D:5      | Found a staircase to the Ecumenical Temple.
  4508 | D:5      | Reached skill level 1 in Shields
  4514 | D:5      | Splashed by a jelly's acid

Illustrated notes

Levels and vault maps discovered:
D:1:      roderic_octagonal_star, layout_basic
D:2:      layout_loops_ring, serial_forest, infiniplex_forest_lined_2,
          infiniplex_forest_clump_small, infiniplex_forest_lined_3_way,
          infiniplex_forest_clump_large, infiniplex_forest_clump_tiny,
          infiniplex_forest_end_3, infiniplex_forest_lined_room_3,
          infiniplex_forest_straight_2, infiniplex_forest_pool,
          hellmonk_ecumenical_altar_blasted, chequers_serial_rivers_large_a,
          minivault_23, lightli_corner_chamber, uniq_robin
D:3:      layout_loops_ring, minitemple, minmay_divided_ellipse
D:5:      layout_loops_corners, minmay_temple_entry_arrows,
          gammafunk_ghost_stat_death, uniq_sigmund
D:6:      layout_gridville

Skill      XL: |  1  2  3  4  5  6 |
---------------+-------------------+-----
Armour         | 3 4 |  4.0
Maces & Flails | 4 5 |  5.4
Fighting       | 4 |  4.7
Dodging        | 2 |  2.4
Shields        | 1 |  1.0
Stealth        | |  0.5

Action                   |  1- 3 |  4- 6 || total
-------------------------+-------+-------++-------
Melee: Mace              |   130 |   257 ||   387
       Punch             |     2 |       ||     2
Throw: Stone             |     2 |       ||     2
Invok: Berserk           |     1 |     1 ||     2
Armor: Animal skin       |    59 |    43 ||   102
       Leather armour    |       |    17 ||    17
Dodge: Dodged            |    71 |   102 ||   173
Block: Buckler           |       |    20 ||    20
